 Dungeon Crawl Stone Soup version 0.14.1-23-g35e4e54 (webtiles) character file.

544 Christof the Cudgeler (level 6, -7/56 HPs)
             Began as a Minotaur Fighter on June 15, 2014.
             Mangled by an ogre
             ... wielding a +0,+0 giant spiked club
              (16 damage)
             ... on Level 4 of the Dungeon.
             The game lasted 00:10:44 (3410 turns).

Christof the Cudgeler (Minotaur Fighter)            Turns: 3410, Time: 00:10:44

HP  -7/56        AC 13     Str 21      XL: 6   Next: 47%
MP   3/3         EV  5     Int  7      God:
Gold 162         SH 20     Dex  9      Spells:  0 memorised,  5 levels left

rFire  . . .     SeeInvis .     a - +0 flail (curse)
rCold  . . .     Clarity  .     q - +2 chain mail (curse)
rNeg   . . .     Conserve .     c - +0 shield (curse)
rPois  .         rCorr    .     (helmet restricted)
rElec  .         rRot     .     (no cloak)
SustAb . .       Spirit   .     n - +0 pair of gloves (curse)
rMut   .         Warding  .     (no boots)
Saprov . . .     Stasis   .     (no amulet)
MR     .....                    (no ring)
                                (no ring)

@: not resistant to hostile enchantments, extremely unstealthy
A: retaliatory headbutt, horns 2
a: no special abilities


You were on level 4 of the Dungeon.
You were very hungry.

You visited 1 branch of the dungeon, and saw 4 of its levels.
You also visited: Ossuary.

You collected 162 gold pieces.

Inventory:

Hand weapons
 a - a cursed +0,+0 flail (weapon)
Armour
 b - a cursed +0 scale mail
 c - a cursed +0 shield (worn)
 n - a cursed +0 pair of gloves (worn)
 q - a cursed +2 chain mail (worn)
Comestibles
 d - 2 bread rations
 i - 4 meat rations
 t - a pear
Scrolls
 g - 2 scrolls of enchant armour {unknown}
 h - a scroll of remove curse {unknown}
 j - a scroll of enchant weapon II {unknown}
 k - 3 scrolls of random uselessness {unknown}
 l - 8 scrolls of identify {unknown}
 m - 2 scrolls of teleportation {unknown}
 r - 2 scrolls of magic mapping {unknown}
 s - 2 scrolls of immolation {unknown}
 x - a scroll of blinking {unknown}
 y - 2 scrolls of fog {unknown}
 z - a scroll of amnesia {unknown}
 B - a scroll of enchant weapon III {unknown}
Potions
 e - 2 potions of might
 f - 3 potions of heal wounds {unknown}
 o - a potion of paralysis {unknown}
 p - 3 potions of curing
 u - 2 potions of resistance {unknown}
 w - a potion of cure mutation {unknown}
 A - a potion of flight {unknown}


   Skills:
 + Level 5.0 Fighting
 * Level 5.4 Maces & Flails
 + Level 5.0 Armour
 + Level 5.3 Shields


You had 5 spell levels left.
You didn't know any spells.

Dungeon Overview and Level Annotations

Branches:
Dungeon (4/15)
 Temple: D:4-7

Altars:


Innate Abilities, Weirdness & Mutations

You reflexively headbutt those who attack you in melee.
You have a pair of horns on your head.


Message History

You closely miss the ogre.
The ogre hits you with a giant spiked club!
* * * LOW HITPOINT WARNING * * *
You feel better.
It was a potion of curing.
You block the ogre's attack.
You barely miss the ogre. You headbutt the ogre.
The ogre is moderately wounded.
You barely miss the ogre.
The ogre is moderately wounded.
You are feeling very hungry.
The ogre hits you with a giant spiked club.
You sock the ogre!
The ogre is heavily wounded.
You block the ogre's attack.
You sock the ogre!
The ogre is almost dead.
The ogre hits you with a giant spiked club!
* * * LOW HITPOINT WARNING * * *
You feel better.
The ogre hits you with a giant spiked club!
You die...

#.#......
...##.#..#.##
#.........## ###
######.##.## ##.
.#######.##.##
#.###.#
#.....##......
#.....#
#.....####.###
##O###...#.# #.#
#.@......#.####.#
#..#.##.........#
#.....#....######
#.......##.#
#.#........#
#..#.#..####
#.......#
#########


You could see an ogre.

Vanquished Creatures
  An ogre (D:4)
  14 mummies (Ossuary)
  4 adders
  2 orcs (D:3)
  2 ball pythons
  A giant cockroach (D:2)
  3 gnoll skeletons (Ossuary)
  8 hobgoblins
  4 jackals (D:3)
  7 kobolds
  11 bats
  7 giant geckos
  4 giant newts
  7 goblins
  2 goblin skeletons (Ossuary)
  3 kobold skeletons
  An orc skeleton (Ossuary)
  8 rats
  11 rat skeletons (Ossuary)
100 creatures vanquished.

Notes
Turn   | Place    | Note
--------------------------------------------------------------
     0 | D:1      | Christof, the Minotaur Fighter, began the quest for the Orb.
     0 | D:1      | Reached XP level 1. HP: 19/19 MP: 1/1
   470 | D:1      | Reached XP level 2. HP: 27/27 MP: 1/1
   899 | D:2      | Reached skill level 4 in Fighting
   927 | D:2      | Reached XP level 3. HP: 22/33 MP: 2/2
  1782 | D:3      | Reached XP level 4. HP: 35/40 MP: 2/2
  2462 | D:4      | Noticed an ogre
  2473 | D:4      | Killed an ogre
  2473 | D:4      | Reached skill level 5 in Shields
  2473 | D:4      | Reached XP level 5. HP: 29/47 MP: 2/2
  2631 | D:4      | Found a sand-covered staircase.
  2642 | Ossuary  | Entered an ossuary
  2993 | Ossuary  | Reached XP level 6. HP: 48/53 MP: 3/3
  3021 | Ossuary  | Reached skill level 5 in Maces & Flails
  3053 | Ossuary  | Reached skill level 5 in Armour
  3198 | Ossuary  | Reached skill level 5 in Fighting
  3400 | D:4      | Noticed an ogre
  3409 | D:4      | HP: 2/56 [ogre/giant spiked club (19)]
  3410 | D:4      | Mangled by an ogre

Action                   |  1- 3 |  4- 6 || total
-------------------------+-------+-------++-------
Melee: Flail             |   110 |   181 ||   291
  Use: Potion            |       |     2 ||     2
